[ AOE2 MATCH · #465580751 ]
1v1 RMPersians vs Spanish
Player's team · LOSS
Rival team · WIN
[ REPLAY ANALYSIS · EXTRACTED FROM THE RECORDED GAME ]
Feudal
9:18
Castle
20:31
Imperial
—
| APM avg | 18.4 |
| APM peak | 71 |
| eAPM avg | 13.1 |
| Villagers / military | 62 / 56 |
Focus
⚔️ 39.5% · 🌾 60.5%
Skirmisher ×19 · Cavalry Archer ×10 · Scorpion ×8 · War Elephant ×7 · Monk ×6 · Fishing Ship ×5
Feudal
11:57
Castle
25:33
Imperial
46:10
| APM avg | 24.2 |
| APM peak | 67 |
| eAPM avg | 10.5 |
| Villagers / military | 62 / 171 |
Focus
⚔️ 45.8% · 🌾 54.2%
Spearman ×42 · Conquistador ×31 · Petard ×27 · Cavalry Archer ×23 · Militia ×15 · Archer ×14
Match map
Initial resources + every placement click. Lines = walls · curves = elevation contours. ◆ gold · ⬟ stone · ● berries · ✦ relic · ◌ wall gap
Your base· Open — unwalled flank
GroOom's base· Open — unwalled flank
Smoothed initial terrain · ◌ = detected wall gap · hover for details
Inputs per minute
— Monkeymar - - GroOom
Build order — Monkeymar
First 150 of 204 actions detected
| 0:03 | Build | House |
| 0:05 | Build | House |
| 0:05 | Create | Villager (Male) |
| 0:06 | Create | Villager (Male) |
| 0:06 | Create | Villager (Male) |
| 0:06 | Create | Villager (Male) |
| 1:09 | Create | Villager (Male) |
| 1:52 | Create | Villager (Male) |
| 2:12 | Build | House |
| 2:14 | Build | House |
| 2:41 | Build | Lumber Camp |
| 2:47 | Create | Villager (Male) |
| 3:33 | Create | Villager (Male) |
| 3:48 | Build | Mill |
| 4:12 | Create | Villager (Male) |
| 4:57 | Create | Villager (Male) |
| 5:12 | Create | Villager (Male) |
| 5:18 | Build | House |
| 5:42 | Create | Villager (Male) |
| 5:59 | Create | Villager (Male) |
| 6:38 | Create | Villager (Male) |
| 7:09 | Create | Villager (Male) |
| 7:14 | Research | Feudal Age |
| 8:41 | Build | Dock |
| 8:59 | Create | Villager (Male) |
| 9:18 | Age | Feudal Age |
| 9:24 | Build | Market |
| 9:28 | Build | Blacksmith |
| 9:36 | Create | Demolition Raft |
| 9:52 | Build | Mining Camp |
| 10:05 | Build | Mining Camp |
| 10:08 | Create | Villager (Male) |
| 10:19 | Build | Blacksmith |
| 10:28 | Create | Villager (Male) |
| 10:41 | Create | Fishing Ship |
| 10:47 | Create | Villager (Male) |
| 11:05 | Create | Villager (Male) |
| 11:20 | Create | Fishing Ship |
| 11:21 | Create | Fishing Ship |
| 11:23 | Create | Fishing Ship |
| 11:23 | Create | Fishing Ship |
| 11:53 | Build | House |
| 11:55 | Build | House |
| 12:16 | Create | Villager (Male) |
| 12:22 | Research | Loom |
| 12:24 | Create | Villager (Male) |
| 12:39 | Build | House |
| 12:42 | Build | House |
| 12:43 | Build | House |
| 12:44 | Build | House |
| 12:46 | Build | House |
| 12:53 | Build | Barracks |
| 12:56 | Build | Palisade Wall |
| 13:31 | Build | Fish Trap |
| 13:41 | Create | Villager (Male) |
| 13:51 | Create | Villager (Male) |
| 13:51 | Create | Villager (Male) |
| 13:59 | Build | Fish Trap |
| 14:32 | Build | Farm |
| 14:32 | Build | Farm |
| 14:42 | Create | Villager (Male) |
| 14:51 | Build | Fish Trap |
| 15:05 | Build | Fish Trap |
| 15:44 | Build | Farm |
| 16:01 | Build | House |
| 16:16 | Build | Mining Camp |
| 16:17 | Create | Villager (Male) |
| 16:58 | Build | Farm |
| 17:06 | Build | Farm |
| 17:14 | Create | Villager (Male) |
| 17:30 | Build | Farm |
| 17:30 | Build | Farm |
| 18:05 | Research | Castle Age |
| 18:09 | Build | Farm |
| 19:52 | Build | Archery Range |
| 19:59 | Build | Farm |
| 20:11 | Create | Archer |
| 20:11 | Create | Archer |
| 20:31 | Age | Castle Age |
| 21:13 | Create | Archer |
| 22:18 | Create | Cavalry Archer |
| 22:18 | Create | Cavalry Archer |
| 22:19 | Create | Cavalry Archer |
| 23:08 | Build | Mining Camp |
| 23:52 | Create | Skirmisher |
| 23:52 | Create | Skirmisher |
| 25:04 | Create | Skirmisher |
| 25:04 | Create | Skirmisher |
| 25:04 | Create | Skirmisher |
| 25:09 | Build | Farm |
| 25:20 | Create | Skirmisher |
| 26:02 | Build | Castle |
| 26:17 | Create | Unit 2626 |
| 26:25 | Build | Farm |
| 26:26 | Build | Farm |
| 26:27 | Create | Villager (Male) |
| 26:28 | Create | Villager (Male) |
| 26:48 | Research | Horse Collar |
| 26:57 | Create | Skirmisher |
| 26:57 | Create | Skirmisher |
| 27:02 | Create | Villager (Male) |
| 27:02 | Create | Villager (Male) |
| 29:14 | Build | Farm |
| 29:21 | Build | Lumber Camp |
| 29:26 | Create | Villager (Male) |
| 29:26 | Create | Villager (Male) |
| 29:27 | Create | Villager (Male) |
| 29:48 | Create | Villager (Male) |
| 29:49 | Create | Villager (Male) |
| 29:49 | Create | Villager (Male) |
| 31:00 | Build | Monastery |
| 31:16 | Create | Villager (Male) |
| 31:17 | Create | Villager (Male) |
| 31:17 | Create | Villager (Male) |
| 31:32 | Create | Monk |
| 31:40 | Create | Villager (Male) |
| 31:41 | Create | Villager (Male) |
| 33:07 | Build | Lumber Camp |
| 33:38 | Build | Mining Camp |
| 34:37 | Create | Monk |
| 35:48 | Build | Lumber Camp |
| 36:11 | Build | Farm |
| 37:13 | Build | Mining Camp |
| 40:29 | Create | Monk |
| 41:07 | Create | War Elephant |
| 41:07 | Create | War Elephant |
| 42:31 | Build | Castle |
| 43:12 | Build | Lumber Camp |
| 44:17 | Create | War Elephant |
| 44:17 | Create | War Elephant |
| 45:24 | Create | War Elephant |
| 45:48 | Create | Monk |
| 47:19 | Build | Mining Camp |
| 47:50 | Research | Double-Bit Axe |
| 48:21 | Create | War Elephant |
| 48:21 | Create | War Elephant |
| 48:46 | Create | Villager (Male) |
| 48:46 | Create | Villager (Male) |
| 48:47 | Create | Villager (Male) |
| 48:47 | Create | Villager (Male) |
| 48:47 | Create | Villager (Male) |
| 48:47 | Create | Villager (Male) |
| 48:48 | Create | Villager (Male) |
| 48:48 | Create | Villager (Male) |
| 49:06 | Build | Monastery |
| 50:05 | Research | Parthian Tactics |
| 50:05 | Create | Cavalry Archer |
| 50:06 | Create | Cavalry Archer |
| 50:06 | Create | Cavalry Archer |
| 50:13 | Create | Villager (Male) |
Build order — GroOom
First 150 of 317 actions detected
| 0:02 | Build | House |
| 0:05 | Build | House |
| 0:07 | Create | Villager (Male) |
| 0:07 | Create | Villager (Male) |
| 0:07 | Create | Villager (Male) |
| 0:07 | Create | Villager (Male) |
| 0:08 | Create | Villager (Male) |
| 1:35 | Create | Villager (Male) |
| 2:21 | Create | Villager (Male) |
| 2:43 | Create | Villager (Male) |
| 2:52 | Create | Villager (Male) |
| 3:15 | Create | Villager (Male) |
| 5:14 | Create | Villager (Male) |
| 5:15 | Create | Villager (Male) |
| 5:46 | Build | Mill |
| 5:52 | Build | House |
| 5:55 | Build | House |
| 6:54 | Create | Villager (Male) |
| 6:54 | Create | Villager (Male) |
| 6:56 | Create | Villager (Male) |
| 7:30 | Create | Villager (Male) |
| 7:31 | Create | Villager (Male) |
| 7:45 | Create | Villager (Male) |
| 8:29 | Build | Lumber Camp |
| 8:58 | Build | Farm |
| 9:43 | Create | Villager (Male) |
| 9:47 | Research | Feudal Age |
| 9:59 | Build | Barracks |
| 10:11 | Build | Barracks |
| 10:38 | Create | Villager (Male) |
| 11:28 | Build | Mining Camp |
| 11:55 | Build | Farm |
| 11:57 | Age | Feudal Age |
| 12:05 | Create | Villager (Male) |
| 12:06 | Create | Villager (Male) |
| 12:11 | Research | Double-Bit Axe |
| 12:17 | Research | Horse Collar |
| 12:40 | Build | Market |
| 12:44 | Create | Villager (Male) |
| 12:44 | Create | Villager (Male) |
| 12:45 | Create | Villager (Male) |
| 12:49 | Create | Militia |
| 12:50 | Create | Militia |
| 12:52 | Create | Militia |
| 13:20 | Build | House |
| 13:28 | Build | House |
| 13:31 | Build | House |
| 13:34 | Build | House |
| 13:40 | Build | House |
| 13:42 | Build | House |
| 14:55 | Build | Mining Camp |
| 15:05 | Build | Farm |
| 15:11 | Build | Farm |
| 15:14 | Build | Farm |
| 15:26 | Build | Farm |
| 15:32 | Build | Farm |
| 15:42 | Research | Man-at-Arms (upgrade) |
| 15:44 | Create | Militia |
| 16:13 | Create | Villager (Male) |
| 16:13 | Create | Villager (Male) |
| 16:14 | Create | Villager (Male) |
| 18:21 | Create | Villager (Male) |
| 18:21 | Create | Villager (Male) |
| 18:22 | Create | Villager (Male) |
| 18:27 | Build | Farm |
| 18:28 | Build | Farm |
| 18:28 | Build | Farm |
| 18:28 | Build | Farm |
| 18:28 | Build | Farm |
| 18:29 | Build | Farm |
| 18:29 | Build | Farm |
| 18:30 | Build | Farm |
| 19:10 | Create | Militia |
| 19:11 | Create | Militia |
| 19:33 | Build | Archery Range |
| 19:33 | Build | Archery Range |
| 19:42 | Create | Villager (Male) |
| 19:43 | Create | Villager (Male) |
| 19:43 | Create | Villager (Male) |
| 19:57 | Research | Gold Mining |
| 19:58 | Research | Stone Mining |
| 21:52 | Create | Archer |
| 21:53 | Create | Archer |
| 21:53 | Create | Archer |
| 21:54 | Create | Archer |
| 22:47 | Create | Archer |
| 22:48 | Create | Archer |
| 22:53 | Research | Castle Age |
| 22:55 | Research | Wheelbarrow |
| 25:33 | Age | Castle Age |
| 25:53 | Create | Villager (Male) |
| 25:54 | Create | Villager (Male) |
| 25:54 | Create | Villager (Male) |
| 25:54 | Create | Villager (Male) |
| 25:55 | Create | Villager (Male) |
| 25:55 | Create | Villager (Male) |
| 25:55 | Create | Villager (Male) |
| 25:56 | Create | Villager (Male) |
| 25:56 | Create | Villager (Male) |
| 26:12 | Build | Castle |
| 26:19 | Create | Cavalry Archer |
| 26:20 | Create | Cavalry Archer |
| 26:20 | Create | Cavalry Archer |
| 26:20 | Create | Cavalry Archer |
| 26:45 | Build | Town Center |
| 26:52 | Create | Cavalry Archer |
| 26:52 | Create | Cavalry Archer |
| 26:56 | Create | Cavalry Archer |
| 26:56 | Create | Cavalry Archer |
| 27:55 | Create | Cavalry Archer |
| 27:55 | Create | Cavalry Archer |
| 27:55 | Create | Cavalry Archer |
| 28:13 | Build | Watch Tower |
| 28:19 | Create | Militia |
| 28:19 | Create | Militia |
| 28:19 | Create | Militia |
| 28:47 | Create | Skirmisher |
| 28:47 | Create | Skirmisher |
| 29:27 | Create | Villager (Male) |
| 29:28 | Create | Villager (Male) |
| 29:48 | Create | Conquistador |
| 29:49 | Create | Conquistador |
| 29:49 | Create | Conquistador |
| 30:11 | Build | Mining Camp |
| 30:27 | Build | Watch Tower |
| 30:55 | Create | Villager (Male) |
| 30:56 | Create | Villager (Male) |
| 30:59 | Create | Villager (Male) |
| 31:00 | Create | Villager (Male) |
| 31:06 | Research | Long Swordsman (upgrade) |
| 31:15 | Create | Petard |
| 31:15 | Create | Petard |
| 31:16 | Create | Petard |
| 31:16 | Create | Petard |
| 31:16 | Create | Petard |
| 31:17 | Create | Petard |
| 31:47 | Create | Spearman |
| 31:47 | Create | Spearman |
| 31:47 | Create | Spearman |
| 31:48 | Create | Spearman |
| 31:48 | Create | Spearman |
| 31:50 | Research | Pikeman (upgrade) |
| 32:09 | Create | Militia |
| 32:09 | Create | Militia |
| 32:28 | Create | Cavalry Archer |
| 32:28 | Create | Cavalry Archer |
| 32:28 | Create | Cavalry Archer |
| 33:16 | Create | Petard |
| 34:02 | Create | Militia |
| 34:02 | Create | Militia |
Match timeline
| 8:41 | Monkeymar · first_building Dock |
| 9:18 | Monkeymar · age_up feudal |
| 9:59 | GroOom · first_building Barracks |
| 11:57 | GroOom · age_up feudal |
| 12:53 | Monkeymar · first_building Barracks |
| 12:56 | Monkeymar · wall_segment Palisade Wall x1 |
| 16:23 | Monkeymar · first_market_buy 100 food |
| 16:32 | Monkeymar · first_market_sell 100 stone |
| 19:33 | GroOom · first_building Archery Range |
| 19:48 | GroOom · first_market_buy 100 food |
| 19:52 | Monkeymar · first_building Archery Range |
| 20:31 | Monkeymar · age_up castle |
| 25:33 | GroOom · age_up castle |
| 26:02 | Monkeymar · first_building Castle |
| 26:12 | GroOom · first_building Castle |
| 31:00 | Monkeymar · first_building Monastery |
| 37:26 | GroOom · first_building Stable |
| 46:10 | GroOom · age_up imperial |
| 52:20 | Monkeymar · first_building Stable |
| 57:53 | GroOom · first_building Monastery |
| 62:46 | Monkeymar · first_building Siege Workshop |
| 64:15 | Monkeymar · resign |
[ AI ANALYSIS · 1 CREDIT ]
What really happened in this match?
Wolo.gg analyzes every decision: build order, eco, micro, common mistakes by bracket. Personalized analysis on WhatsApp or Discord in 30 seconds.
Civ guide
Persians
Map guide
Arabia
Perfil
Jugador #21995660